 Dungeon Crawl Stone Soup version 0.28.0-45-g0d030f2227 (webtiles) character file.

Game seed: 17065127479316985296

1302 WonderSloth the Skirmisher (level 8, -5/71 HPs)
             Began as a Ghoul Monk on Apr 3, 2022.
             Slain by Eustachio
             ... wielding a +0 falchion
              (9 damage)
             ... on level 5 of the Dungeon.
             The game lasted 00:31:25 (5303 turns).

WonderSloth the Skirmisher (Ghoul Monk)             Turns: 5303, Time: 00:31:25

Health: -5/71      AC: 21    Str: 15    XL:     8   Next: 57%
Magic:  7/7        EV:  7    Int:  5    God:
Gold:   181        SH:  0    Dex: 13    Spells: 7/7 levels left

rFire   . . .      SeeInvis .     - Unarmed
rCold   + . .      Faith    .   (no shield)
rNeg    + + +      Spirit   .   m - +3 chain mail
rPois   ∞          Reflect  .   (no helmet)
rElec   .          Harm     .   i - +0 cloak
rCorr   .          Rampage  .   (no gloves)
Will    .....                   z - +0 pair of boots
Stlth   ..........              x - amulet of magic regeneration
HPRegen 0.00/turn               b - +4 ring of protection
MPRegen 0.50/turn               t - +4 ring of protection

@: inhibited regen
A: claws 1, cold resistance 1, negative energy resistance 3, inhibited
regeneration, torment resistance 2
a: no special abilities


You were on level 5 of the Dungeon.
You visited 1 branch of the dungeon, and saw 5 of its levels.

You collected 181 gold pieces.

Inventory:

Hand Weapons
 d - a +2 whip of pain
 B - a +4 rapier of draining
 E - a +2 dire flail of draining
Armour
 i - a +0 cloak (worn)
 m - a +3 chain mail (worn)
 y - a +0 scale mail of willpower
 z - a +0 pair of boots (worn)
 C - a +2 leather armour of cold resistance
Jewellery
 b - a +4 ring of protection (left claw)
 t - a +4 ring of protection (right claw)
 x - an amulet of magic regeneration (around neck)
Wands
 r - a wand of mindburst (16)
 u - a wand of flame (19)
Scrolls
 a - 3 scrolls of vulnerability {unknown}
 c - 5 scrolls of identify {unknown}
 e - 6 scrolls of fear
 f - 3 scrolls of teleportation {unknown}
 o - a scroll of enchant armour {unknown}
 p - a scroll of magic mapping {unknown}
 s - a scroll of enchant weapon {unknown}
 w - 2 scrolls of noise {unknown}
Potions
 g - a potion of berserk rage {unknown}
 h - 2 potions of haste {unknown}
 j - a potion of degeneration {unknown}
 k - 3 potions of flight {unknown}
 l - 2 potions of curing
 n - a potion of might
 q - a potion of mutation {unknown}
 v - a potion of brilliance {unknown}
 A - 2 potions of attraction {unknown}
 D - a potion of resistance
 F - 2 potions of ambrosia {unknown}


   Skills:
 + Level 6.4 Fighting
 + Level 5.3 Dodging
 + Level 6.4 Stealth
 + Level 6.4 Unarmed Combat


You had 7 spell levels left.
You didn't know any spells.
Your spell library contained the following spells:

 Spells                   Type           Power      Damage    Failure   Level
 Foxfire                  Conj/Fire      0%         2x1d4     100%        1
 Sting                    Tmut/Pois      0%         1d3       100%        1
 Corpse Rot               Necr/Air       0%         N/A       100%        2
 Poisonous Vapours        Pois/Air       0%         N/A       100%        2
 Conjure Flame            Conj/Fire      0%         6-21      100%        3
 Gell's Gravitas          Tloc           0%         N/A       100%        3
 Inner Flame              Hex/Fire       0%         N/A       100%        3
 Teleport Other           Tloc           0%         N/A       100%        3
 Flame Wave               Conj/Fire      0%         2d4       100%        4
 Olgreb's Toxic Radiance  Pois           0%         N/A       100%        4
 Dispersal                Tloc           0%         N/A       100%        6
 Summon Hydra             Summ           0%         N/A       100%        7
 Sublimation of Blood     Necr           Unusable   N/A       N/A         2
 Wereblood                Tmut           Unusable   N/A       N/A         2

Dungeon Overview and Level Annotations

Branches:
Dungeon (5/15)
 Temple: D:4-7

Altars:

Shops:
D:2 =   D:4 :

Annotations:
D:5 Eustachio


Innate Abilities, Weirdness & Mutations

You thrive by killing the living.
You are immune to poison.
You have sharp fingernails.
Your flesh is cold resistant. (rC+)
You are immune to negative energy. (rN+++)
You do not regenerate when monsters are visible.
You are immune to unholy pain and torment.


Message History

The river rat bites you but does no damage.
You see here an iguana corpse.
You closely miss Eustachio.
The river rat bites you but does no damage. x2
You scratch Eustachio.
Eustachio is lightly wounded.
Eustachio hits you but does no damage. The river rat bites you.
* * * LOW HITPOINT WARNING * * *
The river rat barely misses you.
You scratch Eustachio but do no damage.
Eustachio is lightly wounded.
Eustachio hits you but does no damage.
The river rat bites you but does no damage.
You closely miss Eustachio.
Eustachio is lightly wounded.
The river rat bites you but does no damage.
Eustachio mumbles some strange words.
Eustachio blinks!
The river rat bites you.
* * * LOW HITPOINT WARNING * * *
You miss Eustachio.
Eustachio is lightly wounded.
The river rat bites you but does no damage.
Eustachio hits you but does no damage.
The river rat bites you but does no damage.
You claw Eustachio!
Eustachio is moderately wounded.
The river rat bites you but does no damage.
Eustachio hits you but does no damage.
The river rat bites you but does no damage.
You claw Eustachio!
Eustachio is heavily wounded.
The river rat bites you but does no damage.
Eustachio hits you with a +0 falchion.
* * * LOW HITPOINT WARNING * * *
The river rat bites you.
* * * LOW HITPOINT WARNING * * *
You claw Eustachio!
Eustachio is almost dead.
The river rat closely misses you. Eustachio hits you with a +0 falchion!
You die...

#.....#..###'###.###'###.
#.#.#.#..'...........).'.
#.....#..###'###.###'###.
#.....#..# #.# #.# #.# #.
#.#.#.##.# #.###.###.# #.
#.....##.# #...+.)...# #.
#.....##.# #####.##### #)
#.#.#.##@# #.# #)
#.....##@#######'#######.
#.....##rr...............
#.#.#.###.#..............
#.....#..................
#.....#####..............
#.#...# #..............
#(...## ##.......)....#
####.# ##.........r## #.#
#..#[.####.b#


You could see Eustachio and 2 river rats.

Vanquished Creatures
  Grinder (D:3)
  Sigmund (D:2)
  Edmund (D:5)
  Duvessa (D:5)
  An ogre (D:5)
  Dowan (D:5)
  A bullfrog zombie (D:5)
  A hound (D:5)
  A jelly (D:5)
  An orc priest (D:3)
  Ijyb (D:3)
  Terence (D:2)
  An orc wizard (D:5)
  Natasha (thrice) (D:3)
  4 iguanas
  3 gnolls (D:3)
  6 adders
  A shadow imp (D:5)
  An adder skeleton (D:5)
  3 worms
  2 dart slugs
  17 orcs
  8 endoplasms
  A giant cockroach (D:3)
  7 goblins
  8 hobgoblins
  8 jackals
  8 kobolds
  2 quokkas
  9 ball pythons
  6 bats
  2 frilled lizards
  8 rats
120 creatures vanquished.

Vanquished Creatures (others)
  7 plants (D:3)
7 creatures vanquished.

Grand Total: 127 creatures vanquished

Notes
Turn   | Place    | Note
-------+----------+-------------------------------------------
     0 | D:1      | WonderSloth the Ghoul Monk began the quest for the Orb.
     0 | D:1      | Reached XP level 1. HP: 19/19 MP: 0/0
   276 | D:1      | Reached XP level 2. HP: 26/26 MP: 1/1
   541 | D:1      | Reached XP level 3. HP: 31/31 MP: 2/2
  1122 | D:2      | Noticed Terence
  1334 | D:2      | Noticed Sigmund
  1367 | D:2      | Killed Sigmund
  1368 | D:2      | Reached XP level 4. HP: 34/41 MP: 3/3
  1368 | D:2      | Reached XP level 5. HP: 39/47 MP: 4/4
  1443 | D:2      | Reached XP level 6. HP: 53/53 MP: 5/5
  1493 | D:2      | Found Onwialauwe's Jewellery Emporium.
  1568 | D:2      | Killed Terence
  1994 | D:3      | Found a faded altar of an unknown god.
  2063 | D:3      | Noticed Natasha
  2074 | D:3      | Killed Natasha
  2405 | D:3      | Noticed Natasha
  2414 | D:3      | Killed Natasha
  2415 | D:3      | Reached skill level 5 in Fighting
  2470 | D:3      | Noticed Ijyb
  2489 | D:3      | Killed Ijyb
  2490 | D:3      | Reached skill level 5 in Unarmed Combat
  2771 | D:3      | Reached XP level 7. HP: 59/61 MP: 6/6
  3063 | D:3      | Noticed Grinder
  3086 | D:3      | Paralysed by Grinder for 5 turns
  3096 | D:3      | Killed Grinder
  3097 | D:3      | Reached skill level 5 in Stealth
  3148 | D:3      | Noticed Natasha
  3177 | D:3      | Killed Natasha
  3753 | D:4      | Found Oxuer's Self-Improvement Boutique.
  3831 | D:4      | You fall into a shaft and drop 1 floor!
  3831 | D:5      | Entered Level 5 of the Dungeon
  4190 | D:5      | Reached XP level 8. HP: 25/70 MP: 7/7
  4244 | D:5      | Noticed Dowan
  4246 | D:5      | Noticed Duvessa
  4258 | D:5      | Killed Duvessa
  4267 | D:5      | Killed Dowan
  4268 | D:5      | Reached skill level 5 in Dodging
  4581 | D:5      | Noticed Edmund
  4607 | D:5      | Killed Edmund
  5179 | D:5      | Noticed Eustachio
  5303 | D:5      | Slain by Eustachio

Illustrated notes

Levels and vault maps discovered:
D:1:      lightli_arrival_boilingwater, layout_basic, minmay_misc_feat_room,
          minivault_23
D:2:      layout_loops_ring, serial_shops, shop, uniq_terence, uniq_sigmund
D:3:      minmay_spotlight, layout_loops_ring, serial_glass, glass_columns_c,
          glass_columns_a, nicolae_ecumenical_pavilion, nicolae_grassy_gnolls,
          uniq_natasha, uniq_ijyb, uniq_grinder
D:4:      layout_basic, nicolae_shop_self_help
D:5:      layout_rooms, nemelex_dance_club_becter, minmay_door_square,
          hangedman_decor_opposing, columned_hall_lemuel, uniq_eustachio,
          uniq_duvessa, uniq_edmund

Skill      XL: |  1  2  3  4  5  6  7  8 |
---------------+-------------------------+-----
Dodging        | 3 4 5 |  5.3
Stealth        | 4 5 6 |  6.4
Fighting       | 4 5 6 |  6.4
Unarmed Combat | 4 5 6 |  6.4

Action                   |  1- 3 |  4- 6 |  7- 9 || total
-------------------------+-------+-------+-------++-------
Melee: Unarmed           |   120 |   154 |   267 ||   541
       Punch             |       |     6 |     9 ||    15
  Use: Scroll            |       |     1 |       ||     1
       Potion            |       |       |     1 ||     1
 Stab: Sleeping          |     2 |     2 |       ||     4
       Fleeing           |       |     1 |       ||     1
Armor: Robe              |    44 |    13 |       ||    57
       Chain mail        |       |    61 |   180 ||   241
Dodge: Dodged            |    69 |    67 |    95 ||   231
